Cogmind - Beta 17.1 @@@ ROGUE MODE // 2026.09.23 @ 12:33:09 Player: Rocko1345 Result: Self-destructed Performance ------------- Evolutions (1) 500 Regions Visited (2) 400 Robots Destroyed (10) 50 Value Destroyed (132) 132 Prototype IDs (4) 80 Alien Tech Used (0) 0 Bonus (0) 0 TOTAL SCORE: 1162 Bonus ------- None Cogmind --------- Core Integrity 321/400 Matter 290/300 Energy 100/100 System Corruption 0% Temperature Cool (0) Movement Hovering (76) Location -9/Materials Parts ------- > --- POWER (1) -------- Backup Power I > --- PROPULSION (2) --- Backup Propulsion I Backup Propulsion I > --- UTILITY (4) ------ Terrain Scan Processor Backup Plating I Backup Plating I > --- WEAPON (2) ------- Backup Laser I Backup Laser I > --- INVENTORY (5) ---- (None) Peak State ------------ > --- POWER ------------ Backup Power I > --- PROPULSION ------- Backup Propulsion I Backup Propulsion I > --- UTILITY ---------- Terrain Scan Processor Backup Plating I Backup Plating I > --- WEAPON ----------- Backup Laser I Backup Laser I > --- INVENTORY -------- (None) [Rating: 9] Favorites ----------- Power Backup Power I Engine Backup Power I Propulsion Backup Propulsion I Hover Unit Backup Propulsion I Utility Backup Plating I Processor Terrain Scan Processor Protection Backup Plating I Weapon Backup Laser I Energy Gun Backup Laser I Build | -11 -10 -9 ------- Run | Yrd Mat Mat Slots Evolved 2 | . . 2 Power . | . . . Propulsion . | . . . Utility 2 | . . 2 Weapon . | . . . Parts Attached 1 | . . 1 Power . | . . . Engine . | . . . Core . | . . . Reactor . | . . . Propulsion . | . . . Treads . | . . . Leg . | . . . Wheel . | . . . Hover . | . . . Flight . | . . . Utility 1 | . . 1 Device . | . . . Storage . | . . . Processor 1 | . . 1 Hackware . | . . . Protection . | . . . Artifact . | . . . Weapon . | . . . Energy Gun . | . . . Energy Cannon . | . . . Ballistic Gun . | . . . Ballistic Cannon . | . . . Launcher . | . . . Special Weapon . | . . . Impact Weapon . | . . . Slashing Weapon . | . . . Piercing Weapon . | . . . Special Melee Weapon . | . . . Unidentified Prototypes . | . . . Parts Lost . | . . . Power . | . . . Propulsion . | . . . Utility . | . . . Weapon . | . . . Highest Loss Streak . | . . . To Critical Strikes . | . . . Average Backups . | . . . Power . | . . . Propulsion . | . . . Utility . | . . . Weapon . | . . . Tool/Special . | . . . Unused Backups . | . . . Power . | . . . Propulsion . | . . . Utility . | . . . Weapon . | . . . Tool/Special . | . . . Average Slot Usage (%) 84 | . 84 83 Engine 11 | . 11 11 Hover 23 | . 23 22 Processor 2 | . . 6 Protection 23 | . 23 22 Energy Gun 23 | . 23 22 Peak Build Rating 9 | . 7 9 Average Rating 6 | . 6 8 On Entrance 2 | . . 7 Avg Prop Armor Cover (%) . | . . . Naked Turns 82 | . 82 . Heaviest Build 5 | . 5 5 Greatest Support 12 | 3 12 12 Greatest Overweight (x) . | . . . Average Overweight (x) . | . . . Largest Inventory Capacity 5 | 5 5 5 Average Capacity 5 | 5 5 5 Most Carried . | . . . Average Carried . | . . . Final Capacity 5 | 5 5 5 Final Carried . | . . . Class Distribution -------------------- 100% | Mutant Dominant Class ---------------- Mutant | -10/Materials Mutant | -9/Materials Resources | -11 -10 -9 ----------- Run | Yrd Mat Mat Matter Collected 200 | 197 3 . Remotely . | . . . Salvage Created 199 | . 75 124 Parts 13 | . 5 8 Haulers Intercepted . | . . . Recyclers Shooed . | . . . Parts Field Recycled . | . . . Retrieved Matter . | . . . Parts Self-Destructed . | . . . Prevented . | . . . Parts Restored . | . . . Kills | -11 -10 -9 ------- Run | Yrd Mat Mat Combat Hostiles Destroyed 8 | . 3 5 Guns 8 | . 3 5 Classes Destroyed 4 | . 2 2 Worker 1 | . . 1 Watcher 1 | . 1 . Swarmer 7 | . 3 4 Sentry 1 | . . 1 Best Kill Streak 6 | . 3 6 Combat Bots Only 5 | . 3 5 Max Kills in Single Turn 2 | . 1 2 Gunslinging . | . . . Exploded . | . . . Melee . | . . . Uniques/NPCs Destroyed . | . . . Combat | -11 -10 -9 -------- Run | Yrd Mat Mat Hostile Shots Fired 38 | . 11 27 Missed 15 | . 4 11 Hits 23 | . 7 16 Projectile 23 | . 7 16 Damage Taken 202 | . 53 149 Core 86 | . 7 79 Absorbed by Shields . | . . . Core Remaining (%) 98 | 100 97 . Volleys Fired 27 | . 8 19 Largest 2 | . 2 2 Hottest 60 | . 60 60 Shots Fired 54 | . 16 38 Gun 54 | . 16 38 Cannon . | . . . Launcher . | . . . Special . | . . . Kinetic . | . . . Thermal 54 | . 16 38 Explosive . | . . . Electromagnetic . | . . . Robot Hit Streak 10 | . 3 10 Robot Miss Streak 5 | . 1 5 Penetration Max . | . . . Secondary Targets 2 | . 1 1 Max Gunslinging Chain 1 | . 1 1 Shots Hit Robots 29 | . 9 20 Core Hits 15 | . 6 9 Critical Kills . | . . . Critical Parts Destroyed . | . . . Critical Strikes . | . . . Melee Attacks . | . . . Impact . | . . . Slashing . | . . . Piercing . | . . . Sneak Attacks . | . . . Combat Hostiles . | . . . Follow-up Attacks . | . . . Damage Inflicted 274 | . 79 195 Guns 274 | . 79 195 Cannons . | . . . Explosions . | . . . Melee . | . . . Ramming . | . . . Kinetic . | . . . Thermal 274 | . 79 195 Explosive . | . . . Electromagnetic . | . . . Impact . | . . . Slashing . | . . . Piercing . | . . . Highest Corruption . | . . . Average Corruption . | . . . Corruption Purged . | . . . Corruption Blocked . | . . . Overload Shots . | . . . Overflow Damage . | . . . Projectiles . | . . . Explosions . | . . . Melee . | . . . Knockbacks . | . . . Impact . | . . . Kinetic . | . . . Secondary . | . . . Self-Inflicted Damage . | . . . Shots . | . . . Rammed . | . . . Targets Rammed . | . . . Kicked . | . . . Crushed . | . . . Highest Temperature 12 | . 12 8 Average Temperature 5 | . 6 4 Received Heat Transfer 9 | . . 9 Siege Activations . | . . . Martial Activations . | . . . Shielding Activations . | . . . Robots Disrupted . | . . . Combat Hostiles . | . . . Robots Corrupted . | . . . Combat Hostiles . | . . . Parts Fried . | . . . Impact Corruptions . | . . . Robots Melted . | . . . Combat Hostiles . | . . . Parts Melted 2 | . 1 1 Heat Transferred 1110 | . 333 777 Parts Sabotaged . | . . . Parts Stolen . | . . . Parts Stripped . | . . . Power Chain Reactions . | . . . Alert | -11 -10 -9 ------- Run | Yrd Mat Mat Maximum Alert Level . | . . . Low Security (%) 100 | 100 100 100 Level 1 . | . . . Level 2 . | . . . Level 3 . | . . . Level 4 . | . . . Level 5 . | . . . High Security . | . . . Max Security . | . . . Peak Influence 119 | . 67 119 Initial 24 | . . 24 Average 22 | . 2 64 Influence Increases 236 | . 100 136 Destroy 0b10 Robot/C 160 | . 60 100 Destroy 0b10 Robot/NC 10 | . 5 5 Destroy Leader 32 | . 12 20 Successful Hack 34 | . 23 11 Influence Decreases 206 | . 41 165 Entered New Map 35 | . . 35 Time Decay 171 | . 41 130 Squads Dispatched 1 | . . 1 Investigation . | . . . Extermination . | . . . Reinforcement 1 | . . 1 Assault . | . . . Garrison . | . . . Intercept . | . . . Searches Triggered . | . . . Construction Impeded . | . . . Haulers Reinforced . | . . . Active Scanning Responses . | . . . Cargo Convoy Interrupts . | . . . Stealth | -11 -10 -9 --------- Run | Yrd Mat Mat Distress Signals . | . . . Communications Jammed . | . . . Distress Signals . | . . . Times Spotted 15 | . 7 8 Peak Tracking Total 5 | . 2 5 Tactical Retreats . | . . . Traps | -11 -10 -9 ------- Run | Yrd Mat Mat Traps Triggered . | . . . Indirectly . | . . . Trap Hack Attempts . | . . . Triggered . | . . . Disarmed . | . . . Reprogrammed . | . . . Reused . | . . . Traps Extracted . | . . . Installed . | . . . Triggered . | . . . Machines | -11 -10 -9 ---------- Run | Yrd Mat Mat Machines Disabled . | . . . Max in Single Turn . | . . . Machines Repaired . | . . . Machines Dismantled . | . . . Machines Sabotaged . | . . . Overloaded Fab Kills . | . . . Hacking | -11 -10 -9 --------- Run | Yrd Mat Mat Machines Accessed 9 | . 6 3 Terminals 7 | . 4 3 Fabricators . | . . . Repair Stations 1 | . 1 . Recycling Units 1 | . 1 . Scanalyzers . | . . . Garrison Access . | . . . Total Hacks 34 | . 23 11 Successful 20 | . 15 5 Failed 14 | . 8 6 Catastrophic 2 | . 1 1 Database Lockouts . | . . . Manual 20 | . 14 6 Terminals 31 | . 20 11 Fabricators . | . . . Repair Stations 1 | . 1 . Recycling Units 2 | . 2 . Scanalyzers . | . . . Garrison Access . | . . . Terminal Hacks 9 | . 5 4 Record 2 | . 1 1 Prototype ID Bank 2 | . 1 1 Level Access Points 1 | . 1 . Branch Access Points 1 | . 1 . Recall Reinforcements 1 | . . 1 Zone Layout 2 | . 1 1 Fabricator Hacks . | . . . Repair Station Hacks 1 | . 1 . Refit 1 | . 1 . Recycling Unit Hacks 1 | . 1 . Report Inventory 1 | . 1 . Scanalyzer . | . . . Garrison Access Hacks . | . . . Unauthorized Hacks 9 | . 8 1 Terminals 8 | . 7 1 Track 2 | . 2 . Assimilate 2 | . 2 . Botnet 3 | . 2 1 Operators 1 | . 1 . Fabricators . | . . . Repair Stations . | . . . Recycling Units 1 | . 1 . Monitor 1 | . 1 . Scanalyzers . | . . . Garrison Access . | . . . Data Cores Recovered . | . . . Used . | . . . Hacking Detections 6 | . 5 1 Full Trace Events . | . . . Feedback Events . | . . . Feedback Blocked . | . . . Robot Schematics Acquired . | . . . Robots Built . | . . . Authchips . | . . . Time . | . . . Total Robot Build Rating . | . . . Part Schematics Acquired . | . . . Parts Built . | . . . Authchips . | . . . Time . | . . . Total Part Build Rating . | . . . Part Studies Acquired . | . . . Parts Repaired . | . . . Time . | . . . Parts Recycled . | . . . Recycled Matter . | . . . Retrieved Matter . | . . . Retrieved Components . | . . . Parts Scanalyzed . | . . . Part Schematics Acquired . | . . . Parts Damaged . | . . . Bothacking | -11 -10 -9 ------------ Run | Yrd Mat Mat Used RIF Installer . | . . . Robots Hacked . | . . . Non-combat . | . . . Combat . | . . . Robot Hacks Applied . | . . . Relay Couplers Released . | . . . Fabnet Peak Effective % . | . . . Robots Rewired . | . . . Allies Hacked . | . . . Hacks Repelled . | . . . Allies | -11 -10 -9 -------- Run | Yrd Mat Mat Total Allies 2 | . 2 . Largest Group 2 | . 2 2 Highest-Rated Group 20 | . 20 20 Highest-Rated Ally 10 | . 10 10 Total Orders 2 | . 2 . STAY 1 | . 1 . FOLLOW 1 | . 1 . Ally Attacks . | . . . Total Damage . | . . . Kills . | . . . Allies Corrupted . | . . . Allies Melted . | . . . Intel | -11 -10 -9 ------- Run | Yrd Mat Mat Active Infowar (turns) . | . . . Robot Analysis Total . | . . . Derelict Logs Recovered . | . . . Drone Launches . | . . . Drone Recoveries . | . . . Exploration | -11 -10 -9 ------------- Run | Yrd Mat Mat Turns Passed 872 | 12 583 277 Spaces Moved 690 | 25 390 275 Core 94 | 25 69 . Treads . | . . . Legs . | . . . Wheels . | . . . Hover 596 | . 321 275 Flight . | . . . Fastest Speed 50 | 50 50 76 Average Speed 72 | 50 71 76 Slowest Speed 76 | 50 76 76 Overloaded Moves . | . . . Propulsion Burnouts . | . . . Robots Hopped . | . . . Potential Cave-ins . | . . . Cave-ins Triggered . | . . . Exploration Rate (%) 23 | 3 40 27 Regions Visited 2 Branch Regions . Pre-discovered Areas . | . . . Known Exits Taken 1 | . 1 . Unknown Exits Taken 1 | 1 . . Scrap Searched . | . . . Spaces Dug . | . . . Terrain Destroyed . | . . . Melee . | . . . Projectile . | . . . AOE . | . . . Terrain Rammed . | . . . Walls Destroyed . | . . . Machines Disabled . | . . . Actions | -11 -10 -9 --------- Run | Yrd Mat Mat Total 1006 | 24 678 304 Wait 290 | . 281 9 Move 688 | 24 389 275 Hop . | . . . Pick Up . | . . . Fast Attach 1 | . . 1 Attach . | . . . Detach . | . . . Swap . | . . . Drop . | . . . Fire 27 | . 8 19 Melee . | . . . Ram . | . . . Kick . | . . . Crush . | . . . Escape Stasis . | . . . Rewire . | . . . Trap . | . . . Miscellaneous . | . . . Route ------- -11/Scrapyard -10/Materials (discovered 4 exits: *Mat x3 / *Min) -9/Materials History --------- Turn | Location | Event 5 | -11/Scrapyard | Discovered new exit (range 15) 13 | -11/Scrapyard | Entered Materials 305 | -10/Materials | Build established: Mutant 508 | -10/Materials | Discovered new exit (range 8) 548 | -10/Materials | Identified exit to Materials 586 | -10/Materials | Identified exit to Mines 596 | -10/Materials | Entered another Materials area 596 | -9/Materials | Accompanied by 2 allies 596 | -9/Materials | Evolved 2 slots: Utility x2 873 | -9/Materials | Self-destructed Last Messages --------------- Explosive Trap. 00798_ K-01 Serf collects debris. 00865_ Technician 1a reveals location of hidden door. 00873_ Connecting with Terminal... >>Layout(Zone) Retrieving Zone 1I layout... Downloaded map data. >>Prototypes Downloading prototype IDs... Enh. Autogun Hvy. Ion Engine >>Query(Earth) Third planet from the Sun in the [Solar System]. Terrestrial homeworld of [Human] civilization. By the late 21st century that civilization drained the planet's resources and destabilized the environment to the point that global-scale technology was necessary to maintain an increasingly fragile planet. Map ----- +----------------------------------------------------+ | ?????????????????????????????????????????????????? | | ?????????????????????????????????????????????????? | | ?????????????????????????????????????????????????? | | ?????????????????????????????????????????????????? | | ?????????????????????????????????????????????????? | | ?????????????????????????????????????????????????? | | ?????????????????????????????????????????????????? | | ?????????????????????????????????????????????????? | | ?????????????????????????????????????????????????? | | ????????????# ##### ##?# """ # ????????? | | ????????????# #???# #??# + T????????? | | ????????????# #???# #??# """ # ????????? | | ????????????# #???# #??# """ ###+## ????????? | | ????????????# #####+#### """ ## ####????????? | | ??????????### # # """ ## #???????????? | | ?????????? # # # """ ## #???????????? | | ?????????? # # # ## #???????????? | | ?????????? # # ######### #???????????? | | ?????????? # # #???????# #???????????? | | ?????????? + + #???????# #???????????? | | ?????????? # # #???????#####???????????? | | ?????????? # # #???????????????????????? | | ?????????? # # #???????????????????????? | | ?????????? # #####+###########????????????????? | | ???########## #???# ## T #?????###????????? | | ???# # #???# ## @ ####### ????????? | | ???# """"" # ##### ##] + ? ????????? | | ???# """"" # # ####### ????????? | | #### """"" + + =#?????# ????????? | | / """"" # # """ #?????# ????????? | | #### """"" # #####+## """ #?????# ????????? | | #### """"" # ## # """ #########????????? | | ## """"" # ## + /r ????????? | | ## # ## ############### ????????? | | " ########### ## #??????????# ????????? | | " #???????### ##########????????# ????????? | | " #??????? # # #????????# ###????????? | | #??????? # # """ #????????#####??????????? | | ???????? # # """ #???????????????????????? | | #????????? # # """ #???????????????????????? | | #???????????+ /????????????????????????????????? | | #???????????# #????????????????????????????????? | | #???????????# #????????????????????????????????? | | #???????????? ?????????????????????????????????? | | #????????????????????????????????????????????????? | | #????????????????????????????????????????????????? | | #????????????????????????????????????????????????? | | #????????????????????????????????????????????????? | | #????????????????????????????????????????????????? | | #????????????????????????????????????????????????? | +----------------------------------------------------+ Best States ------------- Heat Dissipation 28 Energy Generation 9 Energy Capacity 100 Matter Stores 300 Matter Capacity 300 Sight Range 16 Terrain Scan Density 85 Armor Coverage 160 Evasion (%) 50 Item Schematics ----------------- None Robot Schematics ------------------ None Fabricated ------------ Nothing Repaired ---------- Nothing Studied --------- None Alien Tech Used ----------------- None Achievements -------------- None Challenges ------------ None Game ------ Seed JunkSapperFragment Manual? 0 Play Time 00:10:49 Cumulative 249.6 hours Start 2026.09.23 @ 12:22:05 End 2026.09.23 @ 12:33:09 Sessions 3 Manual Loads 0 Difficulty Rogue Special Mode None Game No. 313 Rogue 139 Adventurer 174 Explorer 0 Win Type - Total 1 Types 1/0/0/0/0/0/0/0/0/0 Lore% 68 Gallery% 57 Achievement% 42 Wizard Run 0 Options --------- Layout 2 ASCII 0 Keyboard 1 Movement Numpad Keybinds 0 Fullscreen 1 Font 24/Smallcaps Map View 50x44 Zoom Use 0% Tactical HUD 1 Map Filters NONE Filters NONE Steam 1 RUN: 41d2795c-f765-4fea-bb01-fc58c917b013